Phantoms vs Admirals
Created - November 23, 2023 at 19:11
Goals
|
Phantoms |
2 |
2 |
2 |
0 |
2 |
7 |
Admirals |
2 |
2 |
2 |
0 |
1 |
6 |
|
Shots
|
Phantoms |
14 |
11 |
16 |
0 |
5 |
41 |
Admirals |
9 |
14 |
15 |
0 |
5 |
38 |
|
1st period
1. Admirals , Mattias Backman 5 (Drew O'Connor 2, T.J Brodie 16) at 6:44 (PP)
2. Admirals , Drew O'Connor 1 (Josh Norris 12, Gerald Mayhew 7) at 8:23
3. Phantoms , Nick Sorensen 7 (Joe Snively 21, Rinat Valiev 13) at 12:01
4. Phantoms , Cristoval Nieves 8 (Matt Kiersted 4) at 15:14
Penalties :
Rem Pitlick (Leh) for Hooking (Minor) at 0:09, Riley Stillman (Leh) for Hooking (Minor) at 5:56, Kasper Bjorkqvist (Mil) for Roughing (Minor) at 15:30
2nd period
5. Phantoms , Rem Pitlick 9 (Lucas Wallmarkk 11, Morgan Klimchuk 15) at 4:48
6. Admirals , Gerald Mayhew 13 (Mattias Backman 10, Josh Norris 13) at 9:06 (PP)
7. Admirals , Kasper Bjorkqvist 7 (Hunter Shinkaruk 5) at 10:14
8. Phantoms , Erik Nystrom 4 (Joe Snively 22, Matt Kiersted 5) at 10:59
Penalties :
Ruslan Iskhakov (Mil) for Hooking (Minor) at 7:03, Rem Pitlick (Leh) for Interference (Minor) at 9:02, Nick Sorensen (Leh) for Holding (Minor) at 11:37, Morgan Klimchuk (Leh) for Hooking (Minor) at 18:58
3rd period
9. Admirals , Hunter Shinkaruk 8 (Olli Juolevi 12, Anton Gustafsson 7) at 0:41 (PP)
10. Phantoms , Rem Pitlick 10 (Lucas Wallmarkk 12, Morgan Klimchuk 16) at 5:31
11. Phantoms , Joe Snively 9 (Nick Sorensen 7) at 6:08
12. Admirals , Riley Barber 6 (T.J Brodie 17, Mattias Backman 11) at 19:05
Penalties :
Drew O'Connor (Mil) for Hooking (Minor) at 10:23, Anton Gustafsson (Mil) for High sticking (Minor) at 14:26
Overtime #1
No Goal
Penalties :
No Penalty
Shootout
Phantoms, Morgan Klimchuk - Shot Misses the Net
Admirals, Anton Gustafsson - Goal!
Phantoms, Lucas Wallmarkk - Stopped by Tristan Jarry
Admirals, Hunter Shinkaruk - Stopped by Anton Forsberg
Phantoms, Joe Snively - Goal!
Admirals, Kasper Bjorkqvist - Shot Misses the Net
Phantoms, Cristoval Nieves - Stopped by Tristan Jarry
Admirals, Gerald Mayhew - Stopped by Anton Forsberg
Phantoms, David Kampf - Goal!
Admirals, Riley Barber - Stopped by Anton Forsberg
Penalties :
No Penalty
Goalie Stats
Anton Forsberg (Leh), 32 saves from 38 shots - (0.842), W, 9-4-1, 65:00 minutes
Tristan Jarry (Mil), 35 saves from 41 shots - (0.854), OTL, 3-3-2, 64:56 minutes
Players Stats for Phantoms
Player Name G A P +/- PIM S H SB GA TA FO MP PP MP PK MP
------------------------------------------------------------------------------------
A.J. Greer 0 0 0 -1 0 3 0 0 1 1 0/0 11:20 0:00 0:56
Anthony Angello 0 0 0 0 0 0 0 0 0 0 0/0 2:13 0:11 0:43
Benoit-Olivier Groulx 0 0 0 0 0 0 0 0 0 0 0/0 0:00 0:00 0:00
Brett Murray 0 0 0 0 0 0 0 0 0 1 0/0 4:22 0:00 0:00
Cooper Marody 0 0 0 0 0 0 0 0 0 0 0/0 0:00 0:00 0:00
Cristoval Nieves 1 0 1 -1 0 2 1 2 1 1 5/6 13:41 0:00 1:39
David Gustafsson 0 0 0 0 0 0 0 0 0 0 0/0 0:00 0:00 0:00
David Kampf 0 0 0 0 0 2 1 0 1 1 0/1 5:37 0:00 0:00
Erik Nystrom 1 0 1 3 0 3 5 0 0 0 1/1 17:53 3:27 0:00
Fabian Zetterlund 0 0 0 0 0 0 0 0 0 0 0/0 0:00 0:00 0:00
Joe Snively 1 2 3 3 0 6 4 1 0 0 7/15 20:50 3:27 1:39
Josiah Slavin 0 0 0 0 0 1 0 0 0 0 1/4 2:45 0:00 1:37
Laurent Dauphin 0 0 0 0 0 3 0 0 0 0 1/2 2:12 0:11 0:00
Lucas Wallmarkk 0 2 2 1 0 1 3 1 1 0 9/29 25:23 4:18 3:58
Matt Kiersted 0 2 2 3 0 1 2 1 0 1 0/0 21:30 3:27 2:24
Mikko Lehtonen 0 0 0 -1 0 2 2 0 1 1 0/0 32:04 4:29 4:09
Morgan Klimchuk 0 2 2 1 2 5 1 0 1 0 4/8 27:38 4:18 2:34
Nick Sorensen 1 1 2 3 2 3 1 0 3 0 0/1 17:55 3:27 0:00
Oliver Wahlstrom 0 0 0 -1 0 1 0 0 1 1 0/1 10:46 0:11 0:00
Rem Pitlick 2 0 2 1 4 5 0 0 3 0 1/2 20:48 4:17 0:00
Riley Stillman 0 0 0 3 2 1 1 1 1 0 0/0 20:06 3:27 1:51
Rinat Valiev 0 1 1 -1 0 1 1 4 0 1 0/0 32:10 4:29 4:09
Ty Smith 0 0 0 1 0 1 0 1 0 0 0/0 9:51 0:00 0:33
Victor Berglund 0 0 0 1 0 0 1 1 0 0 0/0 9:18 0:00 0:00
Players Stats for Admirals
Player Name G A P +/- PIM S H SB GA TA FO MP PP MP PK MP
------------------------------------------------------------------------------------
Anton Gustafsson 0 1 1 -2 2 7 2 1 0 2 25/38 29:19 3:37 3:06
Barrett Hayton 0 0 0 -2 0 1 2 0 0 0 2/5 11:51 0:00 0:12
Christian Djoos 0 0 0 -1 0 1 0 2 0 0 0/0 7:01 1:02 0:39
Drew O'Connor 1 1 2 0 2 5 2 0 0 0 0/0 16:48 2:56 0:03
Gerald Mayhew 1 1 2 0 0 3 1 0 1 2 1/2 20:07 2:56 2:15
Hunter Shinkaruk 1 1 2 0 0 2 0 1 1 0 1/1 24:17 3:37 4:16
Ian Mitchell 0 0 0 0 0 0 0 0 0 1 0/0 9:26 0:00 0:17
Josh Norris 0 2 2 0 0 3 2 0 0 0 7/16 17:57 2:56 1:23
Josh Wesley 0 0 0 1 0 1 0 0 0 0 0/0 10:07 0:00 2:31
Kasper Bjorkqvist 1 0 1 0 2 4 1 0 1 0 1/2 21:30 3:37 1:28
Kristian Vesalainen 0 0 0 -2 0 0 0 0 0 0 0/0 7:08 0:00 1:10
Lucas Wallmark 0 0 0 0 0 0 0 0 0 0 0/0 0:00 0:00 0:00
Mattias Backman 1 2 3 -3 0 2 2 2 0 1 0/0 27:37 3:57 4:29
Milos Kelemen 0 0 0 1 0 0 0 0 0 0 0/0 0:47 0:00 0:00
Olli Juolevi 0 1 1 -1 0 2 1 0 3 2 0/0 20:01 2:36 3:27
Pavol Regenda 0 0 0 -1 0 1 4 0 0 0 1/2 14:03 0:00 1:59
Reilly Walsh 0 0 0 1 0 0 1 0 0 3 0/0 14:15 1:24 0:00
Riley Barber 1 0 1 -1 0 2 3 0 2 0 1/1 12:16 0:00 0:00
Ruslan Iskhakov 0 0 0 -2 2 0 1 0 0 0 2/3 5:57 0:00 0:00
Sean Durzi 0 0 0 0 0 1 0 0 0 1 0/0 7:41 0:10 0:00
T.J Brodie 0 2 2 -3 0 3 1 1 0 2 0/0 28:52 3:57 4:29
3 Stars
1 - Joe Snively (Leh)
2 - Erik Nystrom (Leh)
3 - Matt Kiersted (Leh)
Power Play
Phantoms - 0 on 4 Attempt(s) - 0.00%
Admirals - 3 on 5 Attempt(s) - 60.00%
Penalty Kill
Phantoms - 2 on 5 Attempt(s) - 40.00%
- Score 0 goal in Penalty Kill
Admirals - 4 on 4 Attempt(s) - 100.00%
- Score 0 goal in Penalty Kill
Team Stat
Phantoms - Hits : 23 - Faceoff Wins : 29 - Blocked Shots : 12 - Penalty Minutes : 10
Admirals - Hits : 23 - Faceoff Wins : 41 - Blocked Shots : 7 - Penalty Minutes : 8
Official
Referees : Steve Kozari and Eric Furlatt
Linesman : Michel Cormier and Ryan Galloway
Game Notes
6:44 of 1st period - Admirals goal is going for a video replay. After video review, Goal.
Christian Djoos is injured at 4:32 of 2nd period (Bruised Left Shoulder)
Finance
Level 1 -- Attendance: 1905 (95.25%) -- Ticket Income $133,350
Level 2 -- Attendance: 1000 (100.00%) -- Ticket Income $40,000
Total Attendance: 2905 (96.83%)
Total Ticket Income: $173,350
Other Income: $8,668
Total Income: $182,018
Phantoms
5 vs 5 Forward
Center Left Wing Right Wing Time % Phy DF OF
1 Lucas Wallmarkk Morgan Klimchuk Rem Pitlick 40 1 2 2
2 Joe Snively Erik Nystrom Nick Sorensen 30 1 2 2
3 Cristoval Nieves A.J. Greer Oliver Wahlstrom 20 1 2 2
4 David Kampf Brett Murray Morgan Klimchuk 10 1 2 2
5 vs 5 Defense
Defense Defense Time % Phy DF OF
1 Rinat Valiev Mikko Lehtonen 40 1 2 2
2 Matt Kiersted Riley Stillman 30 1 2 2
3 Victor Berglund Ty Smith 20 1 2 2
4 Rinat Valiev Mikko Lehtonen 10 1 2 2
PowerPlay Forward
Center Left Wing Right Wing Time % Phy DF OF
1 Lucas Wallmarkk Morgan Klimchuk Rem Pitlick 60 1 2 2
2 Joe Snively Erik Nystrom Nick Sorensen 40 1 2 2
PowerPlay Defense
Defense Defense Time % Phy DF OF
1 Rinat Valiev Mikko Lehtonen 60 1 2 2
2 Matt Kiersted Riley Stillman 40 1 2 2
Penalty Kill 4 Players Forward
Center Wing Time % Phy DF OF
1 Morgan Klimchuk Lucas Wallmarkk 60 1 2 2
2 Joe Snively Cristoval Nieves 40 1 2 2
Penalty Kill 4 Players Defense
Defense Defense Time % Phy DF OF
1 Rinat Valiev Mikko Lehtonen 60 1 2 2
2 Matt Kiersted Riley Stillman 40 1 2 2
Penalty Kill - 3 Players Forward
Forward Time % Phy DF OF
1 Morgan Klimchuk 60 1 2 2
2 Lucas Wallmarkk 40 1 2 2
Penalty Kill - 3 Players Defense
Defense Defense Time % Phy DF OF
1 Rinat Valiev Mikko Lehtonen 60 1 2 2
2 Matt Kiersted Riley Stillman 40 1 2 2
4 vs 4 Forward
Center Wing Time % Phy DF OF
1 Morgan Klimchuk Lucas Wallmarkk 60 1 2 2
2 Joe Snively Cristoval Nieves 40 1 2 2
4 vs 4 Defense
Defense Defense Time % Phy DF OF
1 Rinat Valiev Mikko Lehtonen 60 1 2 2
2 Matt Kiersted Riley Stillman 40 1 2 2
Last Minutes Offensive
Center Left Wing Right Wing Defense Defense
Lucas Wallmarkk Morgan Klimchuk Rem Pitlick Rinat Valiev Mikko Lehtonen
Last Minutes Defensive
Center Left Wing Right Wing Defense Defense
Lucas Wallmarkk Morgan Klimchuk Rem Pitlick Rinat Valiev Mikko Lehtonen
Goaltenders
Starting : Anton Forsberg
Backup : Zachary Fucale
Extra Forwards
Normal : Laurent Dauphin, Anthony Angello, Josiah Slavin - PP : Laurent Dauphin, Anthony Angello - PK : Josiah Slavin
Extra Defensemen
Normal : Victor Berglund, Ty Smith, Matt Kiersted - PP : Victor Berglund - PK : Ty Smith, Matt Kiersted
Penalty Shots
Morgan Klimchuk, Lucas Wallmarkk, Joe Snively, Cristoval Nieves, David Kampf
Custom OT Lines Forwards
Morgan Klimchuk, Lucas Wallmarkk, Joe Snively, Cristoval Nieves, David Kampf, Rem Pitlick, Erik Nystrom, Nick Sorensen, Laurent Dauphin, Anthony Angello
Custom OT Lines Defensemen
Rinat Valiev, Mikko Lehtonen, Matt Kiersted, Riley Stillman, Victor Berglund
Scratches
Sven Andrighetto (Suspend), Jacob Ingham (Healthy), Zachary Sawchenko (Healthy), Kevin Lankinen (Healthy)
Admirals
5 vs 5 Forward
Center Left Wing Right Wing Time % Phy DF OF
1 Anton Gustafsson Hunter Shinkaruk Kasper Bjorkqvist 40 1 2 2
2 Josh Norris Drew O'Connor Gerald Mayhew 30 1 2 2
3 Barrett Hayton Pavol Regenda Riley Barber 20 1 2 2
4 Ruslan Iskhakov Kristian Vesalainen Anton Gustafsson 10 1 2 2
5 vs 5 Defense
Defense Defense Time % Phy DF OF
1 T.J Brodie Mattias Backman 40 1 2 2
2 Christian Djoos Olli Juolevi 30 1 2 2
3 Reilly Walsh Josh Wesley 20 1 2 2
4 Ian Mitchell Sean Durzi 10 1 2 2
PowerPlay Forward
Center Left Wing Right Wing Time % Phy DF OF
1 Anton Gustafsson Hunter Shinkaruk Kasper Bjorkqvist 60 1 2 2
2 Josh Norris Drew O'Connor Gerald Mayhew 40 1 2 2
PowerPlay Defense
Defense Defense Time % Phy DF OF
1 T.J Brodie Mattias Backman 60 1 2 2
2 Christian Djoos Olli Juolevi 40 1 2 2
Penalty Kill 4 Players Forward
Center Wing Time % Phy DF OF
1 Anton Gustafsson Hunter Shinkaruk 60 1 2 2
2 Kasper Bjorkqvist Gerald Mayhew 40 1 2 2
Penalty Kill 4 Players Defense
Defense Defense Time % Phy DF OF
1 T.J Brodie Mattias Backman 60 1 2 2
2 Christian Djoos Olli Juolevi 40 1 2 2
Penalty Kill - 3 Players Forward
Forward Time % Phy DF OF
1 Anton Gustafsson 60 1 2 2
2 Hunter Shinkaruk 40 1 2 2
Penalty Kill - 3 Players Defense
Defense Defense Time % Phy DF OF
1 T.J Brodie Mattias Backman 60 1 2 2
2 Christian Djoos Olli Juolevi 40 1 2 2
4 vs 4 Forward
Center Wing Time % Phy DF OF
1 Anton Gustafsson Hunter Shinkaruk 60 1 2 2
2 Kasper Bjorkqvist Gerald Mayhew 40 1 2 2
4 vs 4 Defense
Defense Defense Time % Phy DF OF
1 T.J Brodie Mattias Backman 60 1 2 2
2 Christian Djoos Olli Juolevi 40 1 2 2
Last Minutes Offensive
Center Left Wing Right Wing Defense Defense
Anton Gustafsson Hunter Shinkaruk Kasper Bjorkqvist T.J Brodie Mattias Backman
Last Minutes Defensive
Center Left Wing Right Wing Defense Defense
Anton Gustafsson Hunter Shinkaruk Kasper Bjorkqvist T.J Brodie Mattias Backman
Goaltenders
Starting : Tristan Jarry
Backup : Felix Sanstrom
Extra Forwards
Normal : Milos Kelemen, Riley Barber, Pavol Regenda - PP : Milos Kelemen, Riley Barber - PK : Pavol Regenda
Extra Defensemen
Normal : Reilly Walsh, Josh Wesley, Ian Mitchell - PP : Reilly Walsh - PK : Josh Wesley, Ian Mitchell
Penalty Shots
Anton Gustafsson, Hunter Shinkaruk, Kasper Bjorkqvist, Gerald Mayhew, Riley Barber
Custom OT Lines Forwards
Anton Gustafsson, Hunter Shinkaruk, Kasper Bjorkqvist, Gerald Mayhew, Riley Barber, Josh Norris, Drew O'Connor, Pavol Regenda, Barrett Hayton, Kristian Vesalainen
Custom OT Lines Defensemen
T.J Brodie, Mattias Backman, Christian Djoos, Olli Juolevi, Reilly Walsh
Scratches
Bokondji Imama (Healthy), Carl Dahlstrom (Healthy), Joni Ikonen (Healthy), Filip Chlapik (Healthy), Nolan Vesey (Healthy)
Grant Hutton (Healthy), Ryan Olsen (Healthy), Sergei Zborovskiy (Healthy), Troy Bourke (Healthy), Carsen Twarynski (Healthy)
Libor Hajek (Healthy), Linus Ullmark (Healthy)
% Time on Ice - Phantoms
Lines # - Real PCT - Wanted PCT - Time Play
Normal Forward
1 - 33% - 40% - 15:07
2 - 34% - 30% - 15:17
3 - 23% - 20% - 10:24
4 - 10% - 10% - 4:22
Normal Defense
1 - 42% - 40% - 19:02
2 - 33% - 30% - 14:49
3 - 21% - 20% - 9:18
4 - 4% - 10% - 2:01
PP Forward
1 - 57% - 60% - 4:29
2 - 43% - 40% - 3:27
PP Defense
1 - 57% - 60% - 4:29
2 - 43% - 40% - 3:27
PK Forward
1 - 75% - 60% - 4:54
2 - 25% - 40% - 1:39
PK Defense
1 - 63% - 60% - 4:09
2 - 37% - 40% - 2:24
PK3 Forward
1 - 0% - 60%
2 - 0% - 40%
PK3 Defense
1 - 0% - 60%
2 - 0% - 40%
44 Forward
1 - 0% - 60%
2 - 0% - 40%
44 Defense
1 - 0% - 60%
2 - 0% - 40%
Last Minute Offensive - 0:00
Last Minute Defensive - 0:21
Total
Forward - 60:00
Defense - 60:00
|
% Time on Ice - Admirals
Lines # - Real PCT - Wanted PCT - Time Play
Normal Forward
1 - 33% - 40% - 14:51
2 - 29% - 30% - 13:09
3 - 25% - 20% - 11:13
4 - 13% - 10% - 5:58
Normal Defense
1 - 39% - 40% - 17:37
2 - 28% - 30% - 12:41
3 - 16% - 20% - 7:22
4 - 17% - 10% - 7:31
PP Forward
1 - 55% - 60% - 3:37
2 - 45% - 40% - 2:56
PP Defense
1 - 60% - 60% - 3:57
2 - 40% - 40% - 2:36
PK Forward
1 - 72% - 60% - 5:41
2 - 28% - 40% - 2:15
PK Defense
1 - 57% - 60% - 4:29
2 - 43% - 40% - 3:27
PK3 Forward
1 - 0% - 60%
2 - 0% - 40%
PK3 Defense
1 - 0% - 60%
2 - 0% - 40%
44 Forward
1 - 0% - 60%
2 - 0% - 40%
44 Defense
1 - 0% - 60%
2 - 0% - 40%
Last Minute Offensive - 0:20
Last Minute Defensive - 0:00
Total
Forward - 60:00
Defense - 60:00
|
Play-by-Play
1st period
0:01 of 1st period - Anton Gustafsson wins face-off versus Lucas Wallmarkk in neutral zone.
0:09 of 1st period - Minor Penalty to Rem Pitlick for Hooking.
0:10 of 1st period - Morgan Klimchuk wins face-off versus Anton Gustafsson in Phantoms zone.
1:48 of 1st period - Icing by Hunter Shinkaruk.
1:49 of 1st period - Anton Gustafsson wins face-off versus Josiah Slavin in Admirals zone.
2:09 of 1st period - Penalty to Rem Pitlick is over, Rem Pitlick is back on ice.
2:42 of 1st period - Victor Berglund is hit by Barrett Hayton and loses puck.
3:21 of 1st period - Wrist shot by Joe Snively.
3:21 of 1st period - Stopped by Tristan Jarry without a rebound.
3:22 of 1st period - Joe Snively wins face-off versus Barrett Hayton in Admirals zone.
3:23 of 1st period - Wrist shot by Nick Sorensen.
3:23 of 1st period - Shot Misses the Net.
3:29 of 1st period - Slapshot by Joe Snively.
3:29 of 1st period - Shot Blocked by Mattias Backman.
3:31 of 1st period - Snap shot by Rinat Valiev.
3:31 of 1st period - Deflect By Joe Snively.
3:31 of 1st period - Shot Blocked by T.J Brodie.
3:31 of 1st period - Puck is out of play.
3:32 of 1st period - Lucas Wallmarkk wins face-off versus Josh Norris in Admirals zone.
3:37 of 1st period - Wrist shot by Rem Pitlick.
3:37 of 1st period - Stopped by Tristan Jarry with a rebound.
4:11 of 1st period - Wrist shot by Morgan Klimchuk.
4:11 of 1st period - Stopped by Tristan Jarry with a rebound.
4:23 of 1st period - Wrist shot by Morgan Klimchuk.
4:23 of 1st period - Shot Misses the Net.
4:25 of 1st period - Snap shot by Lucas Wallmarkk.
4:25 of 1st period - Shot Misses the Net.
4:27 of 1st period - Slapshot by Rinat Valiev.
4:27 of 1st period - Shot Blocked by Christian Djoos.
4:29 of 1st period - Wrist shot by Morgan Klimchuk.
4:29 of 1st period - Shot Misses the Net.
4:31 of 1st period - Slapshot by Mikko Lehtonen.
4:31 of 1st period - Stopped by Tristan Jarry with a rebound.
4:37 of 1st period - Snap shot by Lucas Wallmarkk.
4:37 of 1st period - Shot Misses the Net.
4:39 of 1st period - Snap shot by Morgan Klimchuk.
4:39 of 1st period - Shot Misses the Net.
4:43 of 1st period - Backhand shot by Lucas Wallmarkk.
4:43 of 1st period - Stopped by Tristan Jarry with a rebound.
4:57 of 1st period - Snap shot by Lucas Wallmarkk.
4:57 of 1st period - Shot Misses the Net.
5:01 of 1st period - Snap shot by Morgan Klimchuk.
5:01 of 1st period - Shot Blocked by Christian Djoos.
5:03 of 1st period - Wrist shot by Rinat Valiev.
5:03 of 1st period - Deflect By Morgan Klimchuk.
5:03 of 1st period - Stopped by Tristan Jarry with a rebound.
5:11 of 1st period - Slapshot by Morgan Klimchuk.
5:11 of 1st period - Stopped by Tristan Jarry without a rebound.
5:12 of 1st period - Josh Norris wins face-off versus Joe Snively in Admirals zone.
5:17 of 1st period - Wrist shot by Josh Norris.
5:17 of 1st period - Deflect By Gerald Mayhew.
5:17 of 1st period - Stopped by Anton Forsberg without a rebound.
5:18 of 1st period - Josh Norris wins face-off versus Joe Snively in Phantoms zone.
5:21 of 1st period - Slapshot by Gerald Mayhew.
5:21 of 1st period - Stopped by Anton Forsberg with a rebound.
5:56 of 1st period - Minor Penalty to Riley Stillman for Hooking.
5:57 of 1st period - Morgan Klimchuk wins face-off versus Josh Norris in Phantoms zone.
6:11 of 1st period - Backhand shot by Drew O'Connor.
6:11 of 1st period - Stopped by Anton Forsberg without a rebound.
6:12 of 1st period - Joe Snively wins face-off versus Anton Gustafsson in Phantoms zone.
6:37 of 1st period - Matt Kiersted is hit by Drew O'Connor and loses puck.
6:42 of 1st period - Wrist shot by Drew O'Connor.
6:42 of 1st period - Stopped by Anton Forsberg with a rebound.
6:44 of 1st period - Backhand shot by Mattias Backman.
6:44 of 1st period - Admirals goal is going for a video replay.
6:44 of 1st period - The goal is good.
6:44 of 1st period - Goal by Mattias Backman - Phantoms : 0 - Admirals : 1.
6:45 of 1st period - Joe Snively wins face-off versus Anton Gustafsson in neutral zone.
8:21 of 1st period - Snap shot by Josh Norris.
8:21 of 1st period - Shot Blocked by Rinat Valiev.
8:23 of 1st period - Backhand shot by Drew O'Connor.
8:23 of 1st period - Goal by Drew O'Connor - Phantoms : 0 - Admirals : 2.
8:24 of 1st period - Joe Snively wins face-off versus Kasper Bjorkqvist in neutral zone.
8:37 of 1st period - Snap shot by Kasper Bjorkqvist.
8:37 of 1st period - Deflect By Anton Gustafsson.
8:37 of 1st period - Stopped by Anton Forsberg without a rebound.
8:38 of 1st period - Anton Gustafsson wins face-off versus Lucas Wallmarkk in Phantoms zone.
8:45 of 1st period - Snap shot by Kasper Bjorkqvist.
8:45 of 1st period - Stopped by Anton Forsberg without a rebound.
8:46 of 1st period - Anton Gustafsson wins face-off versus Morgan Klimchuk in Phantoms zone.
8:59 of 1st period - Snap shot by Kasper Bjorkqvist.
8:59 of 1st period - Shot Misses the Net.
9:01 of 1st period - Slapshot by Christian Djoos.
9:01 of 1st period - Stopped by Anton Forsberg with a rebound.
9:11 of 1st period - Gerald Mayhew is hit by Mikko Lehtonen.
9:15 of 1st period - Wrist shot by Drew O'Connor.
9:15 of 1st period - Deflect By Josh Norris.
9:15 of 1st period - Shot Blocked by Rinat Valiev.
9:15 of 1st period - Puck is out of play.
9:16 of 1st period - Josh Norris wins face-off versus Joe Snively in Phantoms zone.
9:17 of 1st period - Wrist shot by Gerald Mayhew.
9:17 of 1st period - Shot Blocked by Joe Snively.
10:31 of 1st period - Rinat Valiev is hit by Ruslan Iskhakov and loses puck.
10:59 of 1st period - Anton Gustafsson is hit by Erik Nystrom and loses puck.
11:26 of 1st period - Snap shot by Joe Snively.
11:26 of 1st period - Stopped by Tristan Jarry with a rebound.
11:28 of 1st period - Slapshot by Erik Nystrom.
11:28 of 1st period - Shot Misses the Net.
11:30 of 1st period - Slapshot by Matt Kiersted.
11:30 of 1st period - Stopped by Tristan Jarry with a rebound.
11:32 of 1st period - Slapshot by Joe Snively.
11:32 of 1st period - Stopped by Tristan Jarry with a rebound.
12:01 of 1st period - Snap shot by Nick Sorensen.
12:01 of 1st period - Goal by Nick Sorensen - Phantoms : 1 - Admirals : 2.
12:02 of 1st period - Lucas Wallmarkk wins face-off versus Josh Norris in neutral zone.
12:27 of 1st period - Rinat Valiev is hit by T.J Brodie and loses puck.
12:36 of 1st period - Snap shot by Mikko Lehtonen.
12:36 of 1st period - Stopped by Tristan Jarry without a rebound.
12:37 of 1st period - Gerald Mayhew wins face-off versus Lucas Wallmarkk in Admirals zone.
12:52 of 1st period - Josh Norris is hit by Riley Stillman and loses puck.
13:13 of 1st period - Backhand shot by A.J. Greer.
13:13 of 1st period - Stopped by Tristan Jarry without a rebound.
13:14 of 1st period - Cristoval Nieves wins face-off versus Gerald Mayhew in Admirals zone.
13:23 of 1st period - Cristoval Nieves is hit by Reilly Walsh and loses puck.
14:04 of 1st period - Icing by Kasper Bjorkqvist.
14:05 of 1st period - Joe Snively wins face-off versus Anton Gustafsson in Admirals zone.
14:37 of 1st period - Off-side.
14:38 of 1st period - Josh Norris wins face-off versus Lucas Wallmarkk in neutral zone.
14:41 of 1st period - Mikko Lehtonen is hit by Gerald Mayhew and loses puck.
15:05 of 1st period - Cristoval Nieves is hit by Pavol Regenda and loses puck.
15:14 of 1st period - Snap shot by Cristoval Nieves.
15:14 of 1st period - Goal by Cristoval Nieves - Phantoms : 2 - Admirals : 2.
15:15 of 1st period - Anton Gustafsson wins face-off versus Lucas Wallmarkk in neutral zone.
15:30 of 1st period - Minor Penalty to Kasper Bjorkqvist for Roughing.
15:31 of 1st period - Lucas Wallmarkk wins face-off versus Anton Gustafsson in Admirals zone.
16:52 of 1st period - T.J Brodie is hit by Joe Snively and loses puck.
17:19 of 1st period - T.J Brodie is hit by Joe Snively and loses puck.
17:30 of 1st period - Penalty to Kasper Bjorkqvist is over, Kasper Bjorkqvist is back on ice.
17:36 of 1st period - Lucas Wallmarkk is hit by Mattias Backman and loses puck.
18:08 of 1st period - Cristoval Nieves is hit by Josh Norris.
19:03 of 1st period - Off-side.
19:04 of 1st period - Laurent Dauphin wins face-off versus Josh Norris in neutral zone.
19:27 of 1st period - Gerald Mayhew is hit by Joe Snively and loses puck.
Goals for this period are 2 for Phantoms vs 2 for Admirals.
Shots for this period are 14 for Phantoms vs 9 for Admirals.
2nd period
0:01 of 2nd period - Anton Gustafsson wins face-off versus Lucas Wallmarkk in neutral zone.
0:06 of 2nd period - Snap shot by Hunter Shinkaruk.
0:06 of 2nd period - Deflect By Anton Gustafsson.
0:06 of 2nd period - Stopped by Anton Forsberg with a rebound.
0:08 of 2nd period - Snap shot by T.J Brodie.
0:08 of 2nd period - Deflect By Morgan Klimchuk.
0:08 of 2nd period - Stopped by Anton Forsberg with a rebound.
1:15 of 2nd period - Snap shot by Kasper Bjorkqvist.
1:15 of 2nd period - Stopped by Anton Forsberg with a rebound.
1:25 of 2nd period - Wrist shot by Joe Snively.
1:25 of 2nd period - Shot Misses the Net.
1:27 of 2nd period - Slapshot by Riley Stillman.
1:27 of 2nd period - Shot Misses the Net.
1:29 of 2nd period - Slapshot by Nick Sorensen.
1:29 of 2nd period - Stopped by Tristan Jarry without a rebound.
1:30 of 2nd period - Anton Gustafsson wins face-off versus Nick Sorensen in Admirals zone.
1:34 of 2nd period - Off-side.
1:35 of 2nd period - Hunter Shinkaruk wins face-off versus Morgan Klimchuk in neutral zone.
1:42 of 2nd period - Wrist shot by Anton Gustafsson.
1:42 of 2nd period - Shot Blocked by Rinat Valiev.
1:44 of 2nd period - Wrist shot by Kasper Bjorkqvist.
1:44 of 2nd period - Shot Blocked by Lucas Wallmarkk.
2:26 of 2nd period - Wrist shot by Gerald Mayhew.
2:26 of 2nd period - Shot Misses the Net.
3:09 of 2nd period - Slapshot by Erik Nystrom.
3:09 of 2nd period - Shot Misses the Net.
3:15 of 2nd period - Riley Barber is hit by Erik Nystrom and loses puck.
3:55 of 2nd period - Snap shot by A.J. Greer.
3:55 of 2nd period - Stopped by Tristan Jarry with a rebound.
3:57 of 2nd period - Snap shot by Cristoval Nieves.
3:57 of 2nd period - Shot Misses the Net.
4:31 of 2nd period - Christian Djoos is hit by Cristoval Nieves and loses puck.
4:32 of 2nd period - Christian Djoos from Admirals is injured at 4:32 of 2nd period (Bruised Left Shoulder).
4:33 of 2nd period - Lucas Wallmarkk wins face-off versus Anton Gustafsson in Admirals zone.
4:34 of 2nd period - Snap shot by Rem Pitlick.
4:34 of 2nd period - Shot Blocked by Hunter Shinkaruk.
4:46 of 2nd period - Wrist shot by Lucas Wallmarkk.
4:46 of 2nd period - Shot Misses the Net.
4:48 of 2nd period - Slapshot by Rem Pitlick.
4:48 of 2nd period - Goal by Rem Pitlick - Phantoms : 3 - Admirals : 2.
4:49 of 2nd period - Anton Gustafsson wins face-off versus Lucas Wallmarkk in neutral zone.
5:16 of 2nd period - Josh Norris is hit by Rinat Valiev and loses puck.
5:39 of 2nd period - Mattias Backman is hit by Matt Kiersted and loses puck.
5:44 of 2nd period - Wrist shot by Cristoval Nieves.
5:44 of 2nd period - Shot Misses the Net.
5:46 of 2nd period - Slapshot by Ty Smith.
5:46 of 2nd period - Stopped by Tristan Jarry with a rebound.
5:48 of 2nd period - Wrist shot by Cristoval Nieves.
5:48 of 2nd period - Deflect By Oliver Wahlstrom.
5:48 of 2nd period - Stopped by Tristan Jarry with a rebound.
5:58 of 2nd period - Pavol Regenda is hit by Victor Berglund and loses puck.
6:21 of 2nd period - Anton Gustafsson is hit by Mikko Lehtonen and loses puck.
6:36 of 2nd period - Snap shot by Gerald Mayhew.
6:36 of 2nd period - Deflect By Josh Norris.
6:36 of 2nd period - Stopped by Anton Forsberg with a rebound.
7:03 of 2nd period - Minor Penalty to Ruslan Iskhakov for Hooking.
7:04 of 2nd period - Anton Gustafsson wins face-off versus Lucas Wallmarkk in Admirals zone.
7:15 of 2nd period - Off-side.
7:16 of 2nd period - Lucas Wallmarkk wins face-off versus Anton Gustafsson in neutral zone.
7:51 of 2nd period - Kasper Bjorkqvist is hit by Erik Nystrom.
7:55 of 2nd period - Backhand shot by Kasper Bjorkqvist.
7:55 of 2nd period - Deflect By Gerald Mayhew.
7:55 of 2nd period - Shot Misses the Net.
7:55 of 2nd period - Puck is out of play.
7:56 of 2nd period - Anton Gustafsson wins face-off versus Rem Pitlick in Phantoms zone.
8:09 of 2nd period - T.J Brodie is hit by Erik Nystrom and loses puck.
9:02 of 2nd period - Minor Penalty to Rem Pitlick for Interference.
9:03 of 2nd period - Penalty to Ruslan Iskhakov is over, Ruslan Iskhakov is back on ice.
9:03 of 2nd period - Josh Norris wins face-off versus Morgan Klimchuk in Phantoms zone.
9:06 of 2nd period - Snap shot by Gerald Mayhew.
9:06 of 2nd period - Goal by Gerald Mayhew - Phantoms : 3 - Admirals : 3.
9:07 of 2nd period - Morgan Klimchuk wins face-off versus Anton Gustafsson in neutral zone.
9:59 of 2nd period - Erik Nystrom is hit by Riley Barber and loses puck.
10:14 of 2nd period - Snap shot by Hunter Shinkaruk.
10:14 of 2nd period - Deflect By Kasper Bjorkqvist.
10:14 of 2nd period - Goal by Kasper Bjorkqvist - Phantoms : 3 - Admirals : 4.
10:15 of 2nd period - Anton Gustafsson wins face-off versus Lucas Wallmarkk in neutral zone.
10:20 of 2nd period - Rinat Valiev is hit by Olli Juolevi and loses puck.
10:25 of 2nd period - Wrist shot by Kasper Bjorkqvist.
10:25 of 2nd period - Stopped by Anton Forsberg with a rebound.
10:47 of 2nd period - Snap shot by Josh Norris.
10:47 of 2nd period - Deflect By Drew O'Connor.
10:47 of 2nd period - Stopped by Anton Forsberg without a rebound.
10:48 of 2nd period - Joe Snively wins face-off versus Josh Norris in Phantoms zone.
10:57 of 2nd period - Snap shot by Joe Snively.
10:57 of 2nd period - Stopped by Tristan Jarry with a rebound.
10:59 of 2nd period - Wrist shot by Erik Nystrom.
10:59 of 2nd period - Goal by Erik Nystrom - Phantoms : 4 - Admirals : 4.
11:00 of 2nd period - Anton Gustafsson wins face-off versus Lucas Wallmarkk in neutral zone.
11:13 of 2nd period - Slapshot by Kasper Bjorkqvist.
11:13 of 2nd period - Shot Blocked by Rinat Valiev.
11:15 of 2nd period - Snap shot by Hunter Shinkaruk.
11:15 of 2nd period - Stopped by Anton Forsberg without a rebound.
11:16 of 2nd period - Josh Norris wins face-off versus Joe Snively in Phantoms zone.
11:25 of 2nd period - Slapshot by Gerald Mayhew.
11:25 of 2nd period - Deflect By Josh Norris.
11:25 of 2nd period - Stopped by Anton Forsberg with a rebound.
11:27 of 2nd period - Snap shot by Josh Norris.
11:27 of 2nd period - Stopped by Anton Forsberg with a rebound.
11:37 of 2nd period - Minor Penalty to Nick Sorensen for Holding.
11:38 of 2nd period - Anton Gustafsson wins face-off versus Morgan Klimchuk in Phantoms zone.
12:09 of 2nd period - Slapshot by Olli Juolevi.
12:09 of 2nd period - Stopped by Anton Forsberg with a rebound.
13:37 of 2nd period - Penalty to Nick Sorensen is over, Nick Sorensen is back on ice.
13:42 of 2nd period - Icing by Cristoval Nieves.
13:43 of 2nd period - Joe Snively wins face-off versus Barrett Hayton in Phantoms zone.
13:43 of 2nd period - Joe Snively is hit by Barrett Hayton.
13:55 of 2nd period - Wrist shot by Riley Barber.
13:55 of 2nd period - Stopped by Anton Forsberg with a rebound.
13:59 of 2nd period - Snap shot by Pavol Regenda.
13:59 of 2nd period - Stopped by Anton Forsberg with a rebound.
14:29 of 2nd period - Snap shot by David Kampf.
14:29 of 2nd period - Stopped by Tristan Jarry with a rebound.
15:12 of 2nd period - Riley Stillman is hit by Mattias Backman and loses puck.
15:50 of 2nd period - Icing by Morgan Klimchuk.
15:51 of 2nd period - Barrett Hayton wins face-off versus David Kampf in Phantoms zone.
16:15 of 2nd period - Wrist shot by Nick Sorensen.
16:15 of 2nd period - Stopped by Tristan Jarry with a rebound.
16:17 of 2nd period - Snap shot by Joe Snively.
16:17 of 2nd period - Stopped by Tristan Jarry without a rebound.
16:18 of 2nd period - Cristoval Nieves wins face-off versus Josh Norris in Admirals zone.
16:29 of 2nd period - Wrist shot by Cristoval Nieves.
16:29 of 2nd period - Stopped by Tristan Jarry without a rebound.
16:30 of 2nd period - Anton Gustafsson wins face-off versus Lucas Wallmarkk in Admirals zone.
18:58 of 2nd period - Minor Penalty to Morgan Klimchuk for Hooking.
18:59 of 2nd period - Anton Gustafsson wins face-off versus Josiah Slavin in Phantoms zone.
19:24 of 2nd period - Josh Norris is hit by Lucas Wallmarkk and loses puck.
Goals for this period are 2 for Phantoms vs 2 for Admirals.
Shots for this period are 11 for Phantoms vs 14 for Admirals.
3rd period
0:01 of 3rd period - Josiah Slavin wins face-off versus Anton Gustafsson in neutral zone.
0:13 of 3rd period - Snap shot by Anton Gustafsson.
0:13 of 3rd period - Shot Hit the Post.
0:31 of 3rd period - Slapshot by T.J Brodie.
0:31 of 3rd period - Stopped by Anton Forsberg with a rebound.
0:33 of 3rd period - Snap shot by Drew O'Connor.
0:33 of 3rd period - Stopped by Anton Forsberg without a rebound.
0:34 of 3rd period - Anton Gustafsson wins face-off versus Josiah Slavin in Phantoms zone.
0:37 of 3rd period - Wrist shot by Anton Gustafsson.
0:37 of 3rd period - Stopped by Anton Forsberg with a rebound.
0:39 of 3rd period - Slapshot by Olli Juolevi.
0:39 of 3rd period - Shot Misses the Net.
0:41 of 3rd period - Snap shot by Hunter Shinkaruk.
0:41 of 3rd period - Goal by Hunter Shinkaruk - Phantoms : 4 - Admirals : 5.
0:42 of 3rd period - Anton Gustafsson wins face-off versus Lucas Wallmarkk in neutral zone.
1:09 of 3rd period - Gerald Mayhew is hit by Nick Sorensen and loses puck.
1:30 of 3rd period - Barrett Hayton is hit by Matt Kiersted and loses puck.
1:37 of 3rd period - Oliver Wahlstrom is hit by Pavol Regenda and loses puck.
2:01 of 3rd period - Riley Stillman is hit by Kasper Bjorkqvist and loses puck.
2:12 of 3rd period - Wrist shot by Kristian Vesalainen.
2:12 of 3rd period - Shot Blocked by Riley Stillman.
2:14 of 3rd period - Slapshot by Sean Durzi.
2:14 of 3rd period - Stopped by Anton Forsberg without a rebound.
2:15 of 3rd period - Ruslan Iskhakov wins face-off versus Joe Snively in Phantoms zone.
2:16 of 3rd period - Wrist shot by Anton Gustafsson.
2:16 of 3rd period - Stopped by Anton Forsberg with a rebound.
2:58 of 3rd period - Slapshot by Barrett Hayton.
2:58 of 3rd period - Shot Blocked by Cristoval Nieves.
3:28 of 3rd period - Gerald Mayhew is hit by Erik Nystrom and loses puck.
3:43 of 3rd period - Snap shot by Morgan Klimchuk.
3:43 of 3rd period - Shot Misses the Net.
3:45 of 3rd period - Backhand shot by Riley Stillman.
3:45 of 3rd period - Stopped by Tristan Jarry with a rebound.
3:47 of 3rd period - Snap shot by David Kampf.
3:47 of 3rd period - Stopped by Tristan Jarry without a rebound.
3:48 of 3rd period - Josh Norris wins face-off versus Lucas Wallmarkk in Admirals zone.
3:50 of 3rd period - Icing by Mattias Backman.
3:51 of 3rd period - Lucas Wallmarkk wins face-off versus Josh Norris in Admirals zone.
4:06 of 3rd period - Slapshot by Lucas Wallmarkk.
4:06 of 3rd period - Deflect By Morgan Klimchuk.
4:06 of 3rd period - Shot Misses the Net.
4:06 of 3rd period - Puck is out of play.
4:07 of 3rd period - Kasper Bjorkqvist wins face-off versus Joe Snively in Admirals zone.
4:12 of 3rd period - Nick Sorensen is hit by Anton Gustafsson and loses puck.
4:23 of 3rd period - Wrist shot by Anton Gustafsson.
4:23 of 3rd period - Stopped by Anton Forsberg with a rebound.
4:42 of 3rd period - Snap shot by Rem Pitlick.
4:42 of 3rd period - Stopped by Tristan Jarry with a rebound.
4:58 of 3rd period - Cristoval Nieves is hit by Riley Barber and loses puck.
5:21 of 3rd period - Slapshot by Rinat Valiev.
5:21 of 3rd period - Stopped by Tristan Jarry without a rebound.
5:22 of 3rd period - Lucas Wallmarkk wins face-off versus Ruslan Iskhakov in Admirals zone.
5:31 of 3rd period - Wrist shot by Rem Pitlick.
5:31 of 3rd period - Goal by Rem Pitlick - Phantoms : 5 - Admirals : 5.
5:32 of 3rd period - Anton Gustafsson wins face-off versus Lucas Wallmarkk in neutral zone.
5:57 of 3rd period - Rinat Valiev is hit by Pavol Regenda and loses puck.
6:08 of 3rd period - Snap shot by Nick Sorensen.
6:08 of 3rd period - Deflect By Joe Snively.
6:08 of 3rd period - Goal by Joe Snively - Phantoms : 6 - Admirals : 5.
6:09 of 3rd period - Anton Gustafsson wins face-off versus Lucas Wallmarkk in neutral zone.
6:34 of 3rd period - Mikko Lehtonen is hit by Drew O'Connor and loses puck.
7:46 of 3rd period - Mattias Backman is hit by Morgan Klimchuk and loses puck.
7:53 of 3rd period - Wrist shot by Morgan Klimchuk.
7:53 of 3rd period - Stopped by Tristan Jarry without a rebound.
7:54 of 3rd period - Riley Barber wins face-off versus Oliver Wahlstrom in Admirals zone.
8:24 of 3rd period - Snap shot by Morgan Klimchuk.
8:24 of 3rd period - Stopped by Tristan Jarry without a rebound.
8:25 of 3rd period - Anton Gustafsson wins face-off versus Lucas Wallmarkk in Admirals zone.
8:59 of 3rd period - Slapshot by T.J Brodie.
8:59 of 3rd period - Deflect By Anton Gustafsson.
8:59 of 3rd period - Stopped by Anton Forsberg without a rebound.
9:00 of 3rd period - Lucas Wallmarkk wins face-off versus Josh Norris in Phantoms zone.
9:25 of 3rd period - Reilly Walsh is hit by Joe Snively and loses puck.
9:45 of 3rd period - Icing by Olli Juolevi.
9:46 of 3rd period - Cristoval Nieves wins face-off versus Anton Gustafsson in Admirals zone.
9:47 of 3rd period - Wrist shot by A.J. Greer.
9:47 of 3rd period - Stopped by Tristan Jarry with a rebound.
10:13 of 3rd period - Snap shot by Erik Nystrom.
10:13 of 3rd period - Stopped by Tristan Jarry with a rebound.
10:15 of 3rd period - Snap shot by Erik Nystrom.
10:15 of 3rd period - Stopped by Tristan Jarry without a rebound.
10:16 of 3rd period - Erik Nystrom wins face-off versus Josh Norris in Admirals zone.
10:21 of 3rd period - Slapshot by Rinat Valiev.
10:21 of 3rd period - Shot Misses the Net.
10:23 of 3rd period - Minor Penalty to Drew O'Connor for Hooking.
10:24 of 3rd period - Anton Gustafsson wins face-off versus Lucas Wallmarkk in Admirals zone.
10:35 of 3rd period - Slapshot by Rem Pitlick.
10:35 of 3rd period - Shot Misses the Net.
12:22 of 3rd period - Slapshot by Olli Juolevi.
12:22 of 3rd period - Deflect By Oliver Wahlstrom.
12:22 of 3rd period - Stopped by Anton Forsberg with a rebound.
12:23 of 3rd period - Penalty to Drew O'Connor is over, Drew O'Connor is back on ice.
12:24 of 3rd period - Slapshot by Josh Wesley.
12:24 of 3rd period - Stopped by Anton Forsberg with a rebound.
12:26 of 3rd period - Snap shot by Drew O'Connor.
12:26 of 3rd period - Shot Misses the Net.
12:59 of 3rd period - Icing by Riley Barber.
13:00 of 3rd period - Barrett Hayton wins face-off versus Joe Snively in Admirals zone.
13:07 of 3rd period - Slapshot by Riley Barber.
13:07 of 3rd period - Shot Blocked by Ty Smith.
13:09 of 3rd period - Backhand shot by Barrett Hayton.
13:09 of 3rd period - Shot Blocked by Victor Berglund.
13:11 of 3rd period - Snap shot by Barrett Hayton.
13:11 of 3rd period - Stopped by Anton Forsberg without a rebound.
13:12 of 3rd period - Ruslan Iskhakov wins face-off versus Lucas Wallmarkk in Phantoms zone.
13:22 of 3rd period - Icing by Matt Kiersted.
13:23 of 3rd period - Lucas Wallmarkk wins face-off versus Anton Gustafsson in Phantoms zone.
14:04 of 3rd period - Snap shot by Rem Pitlick.
14:04 of 3rd period - Stopped by Tristan Jarry without a rebound.
14:05 of 3rd period - Anton Gustafsson wins face-off versus Joe Snively in Admirals zone.
14:10 of 3rd period - Snap shot by Kasper Bjorkqvist.
14:10 of 3rd period - Shot Misses the Net.
14:26 of 3rd period - Minor Penalty to Anton Gustafsson for High sticking.
14:27 of 3rd period - Pavol Regenda wins face-off versus Lucas Wallmarkk in Admirals zone.
14:40 of 3rd period - Slapshot by T.J Brodie.
14:40 of 3rd period - Stopped by Anton Forsberg without a rebound.
14:41 of 3rd period - Morgan Klimchuk wins face-off versus Pavol Regenda in Phantoms zone.
16:26 of 3rd period - Penalty to Anton Gustafsson is over, Anton Gustafsson is back on ice.
17:09 of 3rd period - Snap shot by Laurent Dauphin.
17:09 of 3rd period - Stopped by Tristan Jarry with a rebound.
17:11 of 3rd period - Wrist shot by Victor Berglund.
17:11 of 3rd period - Deflect By Josiah Slavin.
17:11 of 3rd period - Stopped by Tristan Jarry without a rebound.
17:12 of 3rd period - Anton Gustafsson wins face-off versus Laurent Dauphin in Admirals zone.
17:25 of 3rd period - Slapshot by Anton Gustafsson.
17:25 of 3rd period - Stopped by Anton Forsberg with a rebound.
17:52 of 3rd period - Snap shot by Laurent Dauphin.
17:52 of 3rd period - Stopped by Tristan Jarry with a rebound.
18:04 of 3rd period - Snap shot by Laurent Dauphin.
18:04 of 3rd period - Stopped by Tristan Jarry without a rebound.
18:05 of 3rd period - Cristoval Nieves wins face-off versus Anton Gustafsson in Admirals zone.
18:06 of 3rd period - Slapshot by A.J. Greer.
18:06 of 3rd period - Shot Blocked by Mattias Backman.
18:08 of 3rd period - Slapshot by A.J. Greer.
18:08 of 3rd period - Shot Misses the Net.
19:01 of 3rd period - Admirals, Tristan Jarry is pulled from the net.
19:01 of 3rd period - Slapshot by Mattias Backman.
19:01 of 3rd period - Stopped by Anton Forsberg with a rebound.
19:05 of 3rd period - Wrist shot by Riley Barber.
19:05 of 3rd period - Goal by Riley Barber - Phantoms : 6 - Admirals : 6.
19:05 of 3rd period - Tristan Jarry from Admirals was sent back in the game.
19:06 of 3rd period - Cristoval Nieves wins face-off versus Barrett Hayton in neutral zone.
19:15 of 3rd period - Mikko Lehtonen is hit by Pavol Regenda and loses puck.
19:53 of 3rd period - Snap shot by Kasper Bjorkqvist.
19:53 of 3rd period - Shot Hit the Post.
Goals for this period are 2 for Phantoms vs 2 for Admirals.
Shots for this period are 16 for Phantoms vs 15 for Admirals.
Overtime #1
0:01 of 1st overtime period - Anton Gustafsson wins face-off versus Lucas Wallmarkk in neutral zone.
0:51 of 1st overtime period - Rem Pitlick is hit by Riley Barber and loses puck.
1:36 of 1st overtime period - Mikko Lehtonen is hit by Josh Norris and loses puck.
2:17 of 1st overtime period - Joe Snively is hit by Anton Gustafsson and loses puck.
2:36 of 1st overtime period - Pavol Regenda is hit by David Kampf and loses puck.
2:43 of 1st overtime period - Slapshot by T.J Brodie.
2:43 of 1st overtime period - Shot Blocked by Matt Kiersted.
3:24 of 1st overtime period - Icing by Olli Juolevi.
3:25 of 1st overtime period - Rem Pitlick wins face-off versus Anton Gustafsson in Admirals zone.
3:28 of 1st overtime period - Slapshot by Rem Pitlick.
3:28 of 1st overtime period - Shot Blocked by Anton Gustafsson.
3:48 of 1st overtime period - Olli Juolevi is hit by Lucas Wallmarkk and loses puck.
4:07 of 1st overtime period - Slapshot by Olli Juolevi.
4:07 of 1st overtime period - Deflect By Hunter Shinkaruk.
4:07 of 1st overtime period - Shot Blocked by Cristoval Nieves.
4:07 of 1st overtime period - Puck is out of play.
4:08 of 1st overtime period - Anton Gustafsson wins face-off versus Cristoval Nieves in Phantoms zone.
4:31 of 1st overtime period - T.J Brodie is hit by Lucas Wallmarkk and loses puck.
Goals for this period are 0 for Phantoms vs 0 for Admirals.
Shots for this period are 0 for Phantoms vs 0 for Admirals.
ShootOut
5:00 of 1st overtime period - Round #1.
5:00 of 1st overtime period - Phantoms, Morgan Klimchuk.
5:00 of 1st overtime period - Backhand shot by Morgan Klimchuk.
5:00 of 1st overtime period - Shot Misses the Net.
5:00 of 1st overtime period - Admirals, Anton Gustafsson.
5:00 of 1st overtime period - Deke by Anton Gustafsson.
5:00 of 1st overtime period - Goal by Anton Gustafsson.
5:00 of 1st overtime period - Round #2.
5:00 of 1st overtime period - Phantoms, Lucas Wallmarkk.
5:00 of 1st overtime period - Snap shot by Lucas Wallmarkk.
5:00 of 1st overtime period - Stopped by Tristan Jarry.
5:00 of 1st overtime period - Admirals, Hunter Shinkaruk.
5:00 of 1st overtime period - Snap shot by Hunter Shinkaruk.
5:00 of 1st overtime period - Stopped by Anton Forsberg.
5:00 of 1st overtime period - Round #3.
5:00 of 1st overtime period - Phantoms, Joe Snively.
5:00 of 1st overtime period - Backhand shot by Joe Snively.
5:00 of 1st overtime period - Goal by Joe Snively.
5:00 of 1st overtime period - Admirals, Kasper Bjorkqvist.
5:00 of 1st overtime period - Snap shot by Kasper Bjorkqvist.
5:00 of 1st overtime period - Shot Misses the Net.
5:00 of 1st overtime period - Round #4.
5:00 of 1st overtime period - Phantoms, Cristoval Nieves.
5:00 of 1st overtime period - Wrist shot by Cristoval Nieves.
5:00 of 1st overtime period - Stopped by Tristan Jarry.
5:00 of 1st overtime period - Admirals, Gerald Mayhew.
5:00 of 1st overtime period - Deke by Gerald Mayhew.
5:00 of 1st overtime period - Stopped by Anton Forsberg.
5:00 of 1st overtime period - Round #5.
5:00 of 1st overtime period - Phantoms, David Kampf.
5:00 of 1st overtime period - Deke by David Kampf.
5:00 of 1st overtime period - Goal by David Kampf.
5:00 of 1st overtime period - Admirals, Riley Barber.
5:00 of 1st overtime period - Wrist shot by Riley Barber.
5:00 of 1st overtime period - Stopped by Anton Forsberg.